 Dungeon Crawl Stone Soup version 0.32-a0-484-g2eb335deba (webtiles) character file.

Game seed: 16426682454351709591

265 Alarak the Trooper (level 6, 0/52 HPs)
             Began as a Formicid Fighter on Feb 26, 2024.
             Splashed by a jelly's acid (8 damage)
             ... on level 4 of the Dungeon.
             The game lasted 00:09:21 (2911 turns).

Alarak the Trooper (Formicid Fighter)               Turns: 2911, Time: 00:09:21

Health: 0/52       AC:  3    Str: 23    XL:     6   Next: 44%
Magic:  6/6        EV:  9    Int:  7    God:
Gold:   180        SH:  5    Dex: 13    Spells: 5/5 levels left

rFire   + . .        j - +1 dagger (protect)
rCold   . . .        c - +0 buckler
rNeg    . . .        b - +0 scale mail
rPois   .            (helmet unavailable)
rElec   .            p - +0 cloak
rCorr   .            (no gloves)
SInv    +            (no boots)
Will    .....        u - amulet of the acrobat Stlth
                     m - ring of protection from fire
HPRegen 0.28/turn    (no ring)
MPRegen 0.10/turn

%: acrobat
@: corroded, under a protective aura
A: permanent stasis, dig shafts and tunnels, antennae 3, four strong arms
a: Dig, Shaft Self


You were on level 4 of the Dungeon.
You visited 1 branch of the dungeon, and saw 4 of its levels.

You collected 180 gold pieces.

Inventory:

Hand Weapons
 a - a +0 war axe
 j - a +1 dagger of protection (weapon)
 r - a +0 dagger of venom
Armour
 b - a +0 scale mail (worn)
 c - a +0 buckler (worn)
 p - a +0 cloak (worn)
Jewellery
 m - a ring of protection from fire (left hand)
 n - an amulet of faith
 u - an amulet of the acrobat (around neck)
 v - a ring of resist corrosion
Scrolls
 e - 2 scrolls of immolation {unknown}
 f - a scroll of blinking {unknown}
 g - a scroll of fog {unknown}
 h - a scroll of fear {unknown}
 l - 3 scrolls of identify {unknown}
 q - a scroll of butterflies {unknown}
 s - a scroll of enchant armour {unknown}
 w - a scroll of teleportation {unknown}
Potions
 d - a potion of might
 i - a potion of berserk rage {unknown}
 k - a potion of haste {unknown}
 o - a potion of degeneration {unknown}
 t - 2 potions of heal wounds {unknown}


   Skills:
 - Level 6.1 Fighting
 - Level 4.1 Axes
 - Level 3.2 Armour
 + Level 4.0 Shields


You had 5 spell levels left.
You didn't know any spells.
Your spell library contained the following spells:

 Spells                   Type           Power      Damage    Failure   Level
 Hailstorm                Conj/Ice       0%         3d5       99%         3
 Ozocubu's Armour         Ice            0%         N/A       99%         3
 Summon Ice Beast         Ice/Summ       0%         N/A       99%         3
 Metabolic Englaciation   Hex/Ice        0%         N/A       100%        5
 Sculpt Simulacrum        Ice/Alch       0%         N/A       100%        6


Dungeon Overview and Level Annotations

Branches:
Dungeon (4/15)
 Temple: D:4-7

Altars:
Nemelex Xobeh
Qazlal

Shops:
D:2 [


Innate Abilities, Weirdness & Mutations

You cannot be hasted, slowed, berserked, paralysed or teleported.
You can dig through walls and to a lower floor.
You have a pair of large antennae on your head. (SInv)
Your four strong arms can wield two-handed weapons with a shield.


Message History

A jelly comes into view.
The jelly quivers.
A jelly is nearby!
You hit the jelly.
Your weapon exudes an aura of protection.
The acid corrodes you!
Your hands burn!
The jelly is lightly wounded.
The jelly hits you.
You are splashed with acid.
The jelly barely misses you.
You hit the jelly. The acid corrodes you!
Your hands burn!
The jelly is moderately wounded.
The jelly hits you but does no damage.
You hit the jelly but do no damage.
Your hands burn!
The jelly is moderately wounded.
The jelly barely misses you.
You hit the jelly but do no damage.
Your hands burn!
The jelly is moderately wounded.
The jelly hits you but does no damage.
You hit the jelly but do no damage.
Your hands burn!
The jelly is moderately wounded.
The jelly hits you but does no damage.
You hit the jelly but do no damage.
Your hands burn!
The jelly is moderately wounded.
The jelly hits you but does no damage.
You hit the jelly but do no damage.
Your hands burn!
The jelly is moderately wounded.
The jelly hits you.
You are splashed with acid!
* * * LOW HITPOINT WARNING * * *
You are too injured to fight recklessly!
You are too injured to fight recklessly!
You hit the jelly but do no damage.
Your hands burn!
* * * LOW HITPOINT WARNING * * *
The jelly is moderately wounded.
The jelly closely misses you.
You hit the jelly but do no damage.
Your hands burn!
* * * LOW HITPOINT WARNING * * *
The jelly is moderately wounded.
The jelly hits you.
* * * LOW HITPOINT WARNING * * *
The acid corrodes you!
You are splashed with acid!
You die...

.# #.#
.##############.######.
....†..................
.##############.######.
.# #....# .#######
#....###
........####......# {
..................#
#######.########@.#
#...J....# #.###..#.#
...#... ..## ### #...
#.## ..


You could see a jelly.

Vanquished Creatures
  A phantom (D:4)
  A hound (D:4)
  A bombardier beetle (D:4)
  6 adders
  A ribbon worm (D:2)
  An orc (D:4)
  7 ball pythons
  10 endoplasms
  4 giant cockroaches
  5 goblins
  8 hobgoblins
  5 quokkas
  5 bats
  5 frilled lizards
  9 kobolds
  3 rats
72 creatures vanquished.

Notes
Turn   | Place    | Note
-------+----------+-------------------------------------------
     0 | D:1      | Alarak the Formicid Fighter began the quest for the Orb.
     0 | D:1      | Reached XP level 1. HP: 18/18 MP: 1/1
   113 | D:1      | Reached XP level 2. HP: 15/24 MP: 2/2
   462 | D:1      | Reached XP level 3. HP: 29/29 MP: 3/3
  1040 | D:2      | Reached XP level 4. HP: 35/35 MP: 4/4
  1076 | D:2      | Found Wategyoh's Antique Armour Shop.
  1755 | D:2      | Reached skill level 4 in Fighting
  1910 | D:3      | Reached XP level 5. HP: 41/42 MP: 5/5
  2185 | D:3      | Found a stormy altar of Qazlal.
  2513 | D:3      | Found a sparkling altar of Nemelex Xobeh.
  2601 | D:4      | Reached skill level 5 in Fighting
  2659 | D:4      | Noticed a phantom
  2755 | D:4      | Reached XP level 6. HP: 49/51 MP: 6/6
  2811 | D:4      | Reached skill level 6 in Fighting
  2911 | D:4      | Splashed by a jelly's acid

Illustrated notes

Levels and vault maps discovered:
D:1:      nicolae_arrival_memento_mori, layout_basic
D:2:      minmay_alternating_diamond, layout_loops_cross, serial_shops, shop,
          nicolae_underground_beach
D:3:      layout_basic, nemelex_xobeh_ov_fountains_minmay, old_standard_altar,
          supply_closet_lemuel, minmay_misc_feat_tower
D:4:      layout_basic, uniq_pargi

Skill      XL: |  1  2  3  4  5  6 |
---------------+-------------------+-----
Axes           | 3 4 |  4.1
Fighting       | 4 5 6 |  6.1
Armour         | |  3.2
Shields        | |  4.0

Action                     |  1- 3 |  4- 6 || total
---------------------------+-------+-------++-------
  Melee: War axe           |    83 |    47 ||   130
         Dagger            |       |   164 ||   164
Ability: Dig               |       |     3 ||     3
 Armour: Scale mail        |    53 |   118 ||   171
  Dodge: Dodged            |    48 |    72 ||   120
  Block: Buckler           |    19 |    46 ||    65

Table legend: (Time is in decaauts)
 A = Elapsed time spent in this place.
 B = Non-inter-level travel time spent in this place.
 C = Inter-level travel time spent in this place.
 D = Time resting spent in this place.
 E = Time spent auto-exploring this place.
 F = Levels seen in this place.
 G = Mean time per level.
                   A        B        C        D        E       F      G
               +--------+--------+--------+--------+--------+-----+--------+
         Total |   2962 |   2758 |    204 |    145 |   1979 |   4 |  740.5 |
       Dungeon |   2962 |   2758 |    204 |    145 |   1979 |   4 |  740.5 |
               +--------+--------+--------+--------+--------+-----+--------+

Top non-repeatable levels by time:
     D:1: 943 daAuts
     D:2: 920 daAuts
     D:3: 760 daAuts
     D:4: 337 daAuts
